SAAA
PLYMOUTH ROCKS @ SANTA BARBARA GOLDEN CRANES
08/08/2038
 
TOP OF THE 1ST
Plymouth Rocks batting - Pitching for Santa Barbara Golden Cranes : RHP Dylan Telford
Pitching: RHP Dylan Telford
Batting: LHB Tillmam Cru 0-0: Called Strike
0-1: Called Strike
0-2: Ball
1-2: Ball
2-2: Ball
3-2: Base on Balls
Batting: RHB Noel Peterson 0-0: Ball
1-0: Swinging Strike
1-1: Ball
2-1: Foul Ball, location: 2F
2-2: Fly out, F6 (Popup, 6S, EV 73.1 MPH)
Batting: LHB Jesús Guillén 0-0: Called Strike
Tillmam Cru steals 2nd, throwing error, E2
Tillmam Cru to third
0-1: Ball
1-1: Called Strike
1-2: Strikes out swinging
Batting: LHB Marvello Obra 0-0: Foul Ball, location: 2F
0-1: Ball
1-1: SINGLE (Groundball, 4D, EV 102.5 MPH)
Tillmam Cru scores
Batting: SHB Javier Murillo 0-0: Foul Ball, location: 2F
0-1: Ball
1-1: Foul Ball, location: 2F
1-2: Foul Ball, location: 2F
1-2: Ground out 5-3 (Groundball, 56S, EV 85.6 MPH)
Top of the 1st over - 1 run, 1 hit, 1 error, 1 left on base; Plymouth 1 - Santa Barbara 0
BOTTOM OF THE 1ST
Santa Barbara Golden Cranes batting - Pitching for Plymouth Rocks : RHP Melvin Turner
Pitching: RHP Melvin Turner
Batting: RHB Jody Clark 0-0: Called Strike
0-1: Ball
1-1: Foul Ball, location: 2F
1-2: Ball
2-2: Foul Ball, location: 2F
2-2: Strikes out swinging
Batting: LHB Xu Cheng 0-0: Foul Ball, location: 2F
0-1: Fly out, F7 (Flyball, 7LS, EV 90.6 MPH)
Batting: LHB Chan-ho Shinn 0-0: Ball
1-0: Ball
2-0: Foul Ball, location: 2F
2-1: Ball
3-1: Base on Balls
Batting: RHB Mike Strickland 0-0: Ball
1-0: Ball
2-0: Foul Ball, location: 2F
2-1: Ground out 4-3 (Groundball, 4, EV 81.2 MPH)
Bottom of the 1st over - 0 runs, 0 hits, 0 errors, 1 left on base; Plymouth 1 - Santa Barbara 0
TOP OF THE 2ND
Plymouth Rocks batting - Pitching for Santa Barbara Golden Cranes : RHP Dylan Telford
Batting: LHB Jeff Lawson 0-0: Called Strike
0-1: Ball
1-1: Called Strike
1-2: Foul Ball, location: 2F
1-2: Ball
2-2: Ball
3-2: SINGLE (Groundball, 4MD, EV 105.6 MPH)
Batting: RHB Lex van Esch 0-0: Ground out 5-3 (Groundball, 56S, EV 71.9 MPH)
Jeff Lawson to second
Batting: RHB Wade Tazewell 0-0: Called Strike
0-1: Fly out, F9 (Flyball, 9S, EV 83.8 MPH)
Batting: RHB António Avery 0-0: Ball
1-0: Swinging Strike
1-1: Called Strike
1-2: Foul Ball, location: 2F
1-2: Ball
2-2: Strikes out swinging
Top of the 2nd over - 0 runs, 1 hit, 0 errors, 1 left on base; Plymouth 1 - Santa Barbara 0
BOTTOM OF THE 2ND
Santa Barbara Golden Cranes batting - Pitching for Plymouth Rocks : RHP Melvin Turner
Batting: RHB Freedon Akinmoladun 0-0: Ball
1-0: Swinging Strike
1-1: Foul Ball, location: 2F
1-2: Strikes out swinging
Batting: RHB James Pike 0-0: Foul Ball, location: 2F
0-1: Foul Ball, location: 2F
0-2: Ball
1-2: Fly out, F7 (Flyball, 7LM, EV 86.9 MPH)
Batting: RHB Mario van Heijbeeck 0-0: Ground out 4-3 (Groundball, 4, EV 85.0 MPH)
Bottom of the 2nd over - 0 runs, 0 hits, 0 errors, 0 left on base; Plymouth 1 - Santa Barbara 0
TOP OF THE 3RD
Plymouth Rocks batting - Pitching for Santa Barbara Golden Cranes : RHP Dylan Telford
Batting: LHB Tillmam Cru 0-0: Ball
1-0: Swinging Strike
1-1: Ball
2-1: Ball
3-1: Swinging Strike
3-2: Foul Ball, location: 2F
3-2: Foul Ball, location: 2F
3-2: Base on Balls
Batting: RHB Noel Peterson 0-0: Grounds into double play, 5-4-3 (Groundball, 56, EV 77.5 MPH)
Batting: LHB Jesús Guillén 0-0: Ball
1-0: Ground out U3 (Groundball, 3, EV 82.5 MPH)
Top of the 3rd over - 0 runs, 0 hits, 0 errors, 0 left on base; Plymouth 1 - Santa Barbara 0
BOTTOM OF THE 3RD
Santa Barbara Golden Cranes batting - Pitching for Plymouth Rocks : RHP Melvin Turner
Batting: RHB Juan Ibarra 0-0: Ball
1-0: Ball
2-0: Ball
3-0: Base on Balls
Batting: RHB Rocky Zolman 0-0: Called Strike
0-1: Grounds into double play, 4-6-3 (Groundball, 4, EV 86.2 MPH)
Batting: RHB Jody Clark 0-0: Called Strike
0-1: Ball
1-1: Ball
2-1: Ball
3-1: Fly out, F7 (Flyball, 7LMF, EV 94.4 MPH)
Bottom of the 3rd over - 0 runs, 0 hits, 0 errors, 0 left on base; Plymouth 1 - Santa Barbara 0
TOP OF THE 4TH
Plymouth Rocks batting - Pitching for Santa Barbara Golden Cranes : RHP Dylan Telford
Batting: LHB Marvello Obra 0-0: Called Strike
0-1: Ball
1-1: Ball
2-1: Ball
3-1: Base on Balls
Batting: SHB Javier Murillo 0-0: Called Strike
0-1: Fly out, F6 (Popup, P, EV 87.5 MPH)
Batting: LHB Jeff Lawson 0-0: Fielders Choice at 2nd, 4-6 (Groundball, 4, EV 78.1 MPH)
Batting: RHB Lex van Esch 0-0: Ball
1-0: Called Strike
1-1: Ball
Jeff Lawson steals 2nd base
2-1: Ball
3-1: Called Strike
3-2: Strikes out swinging
Top of the 4th over - 0 runs, 0 hits, 0 errors, 1 left on base; Plymouth 1 - Santa Barbara 0
BOTTOM OF THE 4TH
Santa Barbara Golden Cranes batting - Pitching for Plymouth Rocks : RHP Melvin Turner
Batting: LHB Xu Cheng 0-0: Ball
1-0: Ball
2-0: Ball
3-0: Called Strike
3-1: Base on Balls
Batting: LHB Chan-ho Shinn 0-0: 2-RUN HOME RUN (Flyball, 9D, EV 85.6 MPH), Distance : 340 ft
Batting: RHB Mike Strickland 0-0: Foul Ball, location: 2F
0-1: Ball
1-1: Foul Ball, location: 2F
1-2: Ball
2-2: Fly out, F9 (Line Drive, 9, EV 90.6 MPH)
Batting: RHB Freedon Akinmoladun 0-0: Swinging Strike
0-1: Foul Ball, location: 2F
0-2: Ball
1-2: Ball
2-2: Ground out 1-3 (Groundball, 13S, EV 63.8 MPH)
Batting: RHB James Pike 0-0: Ball
1-0: SINGLE (Line Drive, 7S, EV 85.0 MPH)
Batting: RHB Mario van Heijbeeck 0-0: Foul Ball, location: 2F
0-1: Ball
1-1: Swinging Strike
1-2: Ball
2-2: Foul Ball, location: 2F
2-2: Strikes out swinging
Bottom of the 4th over - 2 runs, 2 hits, 0 errors, 1 left on base; Plymouth 1 - Santa Barbara 2
TOP OF THE 5TH
Plymouth Rocks batting - Pitching for Santa Barbara Golden Cranes : RHP Dylan Telford
Batting: RHB Wade Tazewell 0-0: Called Strike
0-1: Ball
1-1: Ball
2-1: Swinging Strike
2-2: Ball
3-2: Foul Ball, location: 2F
3-2: Foul Ball, location: 2F
3-2: Foul Ball, location: 2F
3-2: Ground out 4-3 (Groundball, 4, EV 84.4 MPH)
Batting: RHB António Avery 0-0: Called Strike
0-1: Swinging Strike
0-2: Strikes out looking
Batting: LHB Tillmam Cru 0-0: Ball
1-0: Ball
2-0: Fly out, F9 (Flyball, 89M, EV 81.9 MPH)
Top of the 5th over - 0 runs, 0 hits, 0 errors, 0 left on base; Plymouth 1 - Santa Barbara 2
BOTTOM OF THE 5TH
Santa Barbara Golden Cranes batting - Pitching for Plymouth Rocks : RHP Melvin Turner
Batting: RHB Juan Ibarra 0-0: Ball
1-0: Swinging Strike
1-1: Ball
2-1: Fly out, F7 (Flyball, 7S, EV 91.9 MPH)
Batting: RHB Rocky Zolman 0-0: Ball
1-0: Ball
2-0: Foul Ball, location: 2F
2-1: Ball
3-1: Foul Ball, location: 2F
3-2: SINGLE (Line Drive, 34D, EV 96.2 MPH)
Batting: RHB Jody Clark 0-0: Swinging Strike
0-1: Called Strike
0-2: 2-RUN HOME RUN (Line Drive, 89XD, EV 108.1 MPH), Distance : 384 ft
Batting: LHB Xu Cheng 0-0: Ball
1-0: Fly out, F7 (Flyball, 7LM, EV 90.6 MPH)
Batting: LHB Chan-ho Shinn 0-0: Ball
1-0: Ball
2-0: Swinging Strike
2-1: Swinging Strike
2-2: Foul Ball, location: 2F
2-2: Strikes out swinging
Bottom of the 5th over - 2 runs, 2 hits, 0 errors, 0 left on base; Plymouth 1 - Santa Barbara 4
TOP OF THE 6TH
Plymouth Rocks batting - Pitching for Santa Barbara Golden Cranes : RHP Dylan Telford
Batting: RHB Noel Peterson 0-0: Ball
1-0: Fly out, F9 (Flyball, 9, EV 92.5 MPH)
Batting: LHB Jesús Guillén 0-0: DOUBLE (Line Drive, 3D, EV 106.2 MPH)
Batting: LHB Marvello Obra 0-0: Called Strike
0-1: Foul Ball, location: 2F
0-2: Ball
1-2: Ball
2-2: Strikes out swinging
Batting: SHB Javier Murillo 0-0: Ball
1-0: Ball
2-0: Ground out U3 (Groundball, 34, EV 106.2 MPH)
Top of the 6th over - 0 runs, 1 hit, 0 errors, 1 left on base; Plymouth 1 - Santa Barbara 4
BOTTOM OF THE 6TH
Santa Barbara Golden Cranes batting - Pitching for Plymouth Rocks : RHP Melvin Turner
Batting: RHB Mike Strickland 0-0: Ball
1-0: Ground out 2-3 (Groundball, 15S, EV 70.0 MPH)
Batting: RHB Freedon Akinmoladun 0-0: Ball
1-0: Ball
2-0: Called Strike
2-1: Foul Ball, location: 2F
2-2: Ball
3-2: Foul Ball, location: 2F
3-2: Fly out, F8 (Flyball, 8RM, EV 92.5 MPH)
Batting: RHB James Pike 0-0: Ball
1-0: Ball
2-0: Called Strike
2-1: Foul Ball, location: 2F
2-2: Strikes out swinging
Bottom of the 6th over - 0 runs, 0 hits, 0 errors, 0 left on base; Plymouth 1 - Santa Barbara 4
TOP OF THE 7TH
Plymouth Rocks batting - Pitching for Santa Barbara Golden Cranes : RHP Dylan Telford
Batting: LHB Jeff Lawson 0-0: Ball
1-0: Called Strike
1-1: Ground out U3 (Groundball, 3, EV 83.1 MPH)
Batting: RHB Lex van Esch 0-0: Fly out, F8 (Flyball, 89D, EV 100.6 MPH)
Batting: RHB Wade Tazewell 0-0: Foul Ball, location: 2F
0-1: Swinging Strike
0-2: DOUBLE (Groundball, 3L, EV 106.9 MPH)
Batting: RHB António Avery 0-0: Ball
1-0: Called Strike
1-1: Ball
2-1: Ball
3-1: Base on Balls
Batting: LHB Tillmam Cru 0-0: Called Strike
0-1: Ball
1-1: Called Strike
1-2: Ball
2-2: Ball
3-2: Fly out, F9 (Flyball, 9LM, EV 91.2 MPH)
Top of the 7th over - 0 runs, 1 hit, 0 errors, 2 left on base; Plymouth 1 - Santa Barbara 4
BOTTOM OF THE 7TH
Santa Barbara Golden Cranes batting - Pitching for Plymouth Rocks : RHP Melvin Turner
Batting: RHB Mario van Heijbeeck 0-0: Ground out 5-3 (Groundball, 56S, EV 68.1 MPH)
Batting: RHB Juan Ibarra 0-0: SINGLE (Line Drive, 9S, EV 110.0 MPH)
Pitching: LHP Kyu-cheol P'yo
Batting: RHB Rocky Zolman 0-0: Called Strike
0-1: Called Strike
0-2: Ball
1-2: Strikes out swinging
Batting: RHB Jody Clark 0-0: Swinging Strike
0-1: Called Strike
0-2: SINGLE (Line Drive, 78S, EV 106.9 MPH)
Juan Ibarra to second
Batting: LHB Xu Cheng 0-0: Fly out, F9 (Flyball, 9LD, EV 106.9 MPH)
Bottom of the 7th over - 0 runs, 2 hits, 0 errors, 2 left on base; Plymouth 1 - Santa Barbara 4
TOP OF THE 8TH
Plymouth Rocks batting - Pitching for Santa Barbara Golden Cranes : RHP Dylan Telford
Pitching: RHP Adam Garrison
Batting: RHB Noel Peterson 0-0: Ground out U3 (Groundball, 34, EV 86.2 MPH)
Batting: LHB Jesús Guillén 0-0: Ball
1-0: Called Strike
1-1: Called Strike
1-2: Foul Ball, location: 2F
1-2: Ball
2-2: Fly out, F6 (Popup, P, EV 81.9 MPH)
Batting: LHB Marvello Obra 0-0: Called Strike
0-1: Swinging Strike
0-2: Ball
1-2: Ball
2-2: Ball
3-2: SOLO HOME RUN (Flyball, 89XD, EV 103.1 MPH), Distance : 412 ft
Batting: SHB Javier Murillo 0-0: Ball
1-0: Ground out 6-3 (Groundball, 6, EV 88.8 MPH)
Top of the 8th over - 1 run, 1 hit, 0 errors, 0 left on base; Plymouth 2 - Santa Barbara 4
BOTTOM OF THE 8TH
Santa Barbara Golden Cranes batting - Pitching for Plymouth Rocks : LHP Kyu-cheol P'yo
Batting: LHB Chan-ho Shinn 0-0: Called Strike
0-1: SINGLE (Groundball, 6MD, EV 103.8 MPH)
Batting: RHB Mike Strickland 0-0: Swinging Strike
0-1: Swinging Strike
0-2: Ball
1-2: Ball
2-2: Ball
3-2: Grounds into double play, 6-4-3 (Groundball, 6, EV 91.2 MPH)
Batting: RHB Freedon Akinmoladun 0-0: Called Strike
0-1: Ball
1-1: Ball
2-1: Ball
3-1: Fly out, F9 (Flyball, 9D, EV 96.2 MPH)
Bottom of the 8th over - 0 runs, 1 hit, 0 errors, 0 left on base; Plymouth 2 - Santa Barbara 4
TOP OF THE 9TH
Plymouth Rocks batting - Pitching for Santa Barbara Golden Cranes : RHP Adam Garrison
Pitching: RHP Roger Taylor
Now in RF: Stanley van de Ven
Batting: LHB Jeff Lawson 0-0: Ball
1-0: Ball
2-0: Ball
3-0: Base on Balls
Batting: RHB Lex van Esch 0-0: Ball
1-0: SINGLE (Groundball, 56D, EV 97.5 MPH)
Jeff Lawson to second
Batting: RHB Wade Tazewell 0-0: Ball
1-0: Foul Ball, location: 2F
1-1: Foul Ball, location: 2F
1-2: SINGLE (Groundball, 4MD, EV 101.9 MPH)
Jeff Lawson to third
Lex van Esch to second
Pinch Hitting: LHB Raymond Dudzinski 0-0: Foul Ball, location: 2F
0-1: Foul Ball, location: 2F
0-2: Ball
1-2: Grounds into double play, 4-6-3 (Groundball, 4, EV 102.5 MPH)
Jeff Lawson scores
Lex van Esch to third
Batting: LHB Tillmam Cru 0-0: Foul Ball, location: 2F
0-1: Ball
1-1: Ball
2-1: Ball
3-1: Base on Balls
Batting: RHB Noel Peterson 0-0: Called Strike
0-1: Ground out 4-3 (Groundball, 4, EV 104.4 MPH)
Top of the 9th over - 1 run, 2 hits, 0 errors, 2 left on base; Plymouth 3 - Santa Barbara 4
Friday, April 17th, 2020 - OOTP Baseball 20.8 Build 74